 Dungeon Crawl Stone Soup version 0.29-a0-284-gf9362112df (webtiles) character file.

Game seed: 16637213634772497507

365 spaghetti the Covert (level 6, 0/32 HPs)
             Began as a Vine Stalker Delver on Mar 20, 2022.
             Killed by divine providence
             ... invoked by an orc priest
              (10 damage)
             ... on level 4 of the Dungeon.
             The game lasted 00:04:20 (1448 turns).

spaghetti the Covert (Vine Stalker Delver)          Turns: 1448, Time: 00:04:21

Health: 0/32       AC:  3    Str: 14    XL:     6   Next: 68%
Magic:  0/7        EV: 12    Int: 10    God:
Gold:   21         SH:  0    Dex: 18    Spells: 5/5 levels left

rFire   . . .      SeeInvis .   a - +0 short sword {short}
rCold   . . .      Faith    .   (no shield)
rNeg    . . .      Spirit   +   b - +0 leather armour
rPois   +          Reflect  .   (no helmet)
rElec   .          Harm     .   (no cloak)
rCorr   .          Rampage  .   (no gloves)
Will    .....                   (no boots)
Stlth   +++++.....              (no amulet)
HPRegen 0.90/turn               f - ring of poison resistance
MPRegen 0.10/turn               (no ring)

@: no status effects
A: fangs 2, regeneration 1, magic shield, antimagic bite, no potion heal 2
a: no special abilities


You were on level 4 of the Dungeon.
You visited 1 branch of the dungeon, and saw 4 of its levels.

You collected 21 gold pieces.


Innate Abilities, Weirdness & Mutations

You have extremely sharp teeth.
Your natural rate of healing is unusually fast.
When hurt, damage is shared between your health and your magic reserves.
Your bite disrupts and absorbs the magic of your enemies.
Potions cannot restore your health.


   Skills:
 - Level 2.6 Fighting
 - Level 1.7 Short Blades
 - Level 1.5 Dodging
 + Level 10.5 Stealth


You had 5 spell levels left.
You didn't know any spells.
Your spell library contained the following spells:

 Spells                   Type           Power      Damage    Failure   Level
 Magic Dart               Conj           0%         1d3       43%         1
 Shock                    Conj/Air       0%         1d3       43%         1
 Static Discharge         Conj/Air       0%         N/A       58%         2
 Petrify                  Tmut/Erth      0%         N/A       99%         4
 Lightning Bolt           Conj/Air       0%         1d11      100%        5
 Metabolic Englaciation   Hex/Ice        0%         N/A       100%        5
 Statue Form              Tmut/Erth      0%         N/A       100%        6
 Maxwell's Capacitive Co  Air            0%         ∞         100%        8

Inventory:

Hand Weapons
 a - a +0 short sword (weapon) {short}
Missiles
 l - 13 stones (quivered) {throwing}
Armour
 b - a +0 leather armour (worn)
 h - a +0 cloak
   (You found it on level 6 of the Dungeon)
Jewellery
 d - an amulet of magic regeneration {@e2}
   (You found it on level 5 of the Dungeon)
 f - a ring of poison resistance (left hand)
   (You found it on level 6 of the Dungeon)
Wands
 g - a wand of digging (3)
 k - a wand of flame (25)
   (You found it on level 7 of the Dungeon)
Scrolls
 c - a scroll of fog
 e - a scroll of fear
 j - a scroll of identify {unknown}
Potions
 i - a potion of curing {@q1}

Dungeon Overview and Level Annotations

Branches:
Dungeon (7/15)
 Temple: D:4-7

Altars:
Ashenzari
Nemelex Xobeh
Sif Muna
Trog
Wu Jian

Portals:
Bailey: D:7

######......###'#####.....#
#......#.............#
#......#.............#
#......#.............#
#......###'#####.....#
#......#......########
#......'......##.....#
#......#......#......#
#....@.#..######'##..#
#...B..#..#...#...#..#
#.o....#..#8......#..#
######.o....#..#...#.8.#..#
#......#+#####'##.######..#
#.....g#...#...#...#...#.)#
#......#...#...#.8..._.#..#
#..oo..+...#...#...#...#..#
#......#...#...#########..#


You could see 2 orc priests, 2 orcs, a giant cockroach and a goblin.


Message History

You impale the kobold!!
You kill the kobold!
l - 13 stones {throwing} (gained 2)
You see here a +0 dagger {short}.
You open the door.
Found an ornate altar of the Wu Jian Council.
There is an open door here.
There is an open door here.
There is a stone staircase leading down here.
You open the door.
There is an open door here.
You open the door.
There is an open door here.
There is an open door here.
As you open the door, it creaks loudly!
An adder comes into view.
An adder is nearby!
An adder is nearby!
The adder barely misses you.
There is an open door here.
You barely miss the adder. You bite the adder. You drain its power.
The adder bites you but does no damage.
You hit the adder but do no damage. You bite the adder. You drain its power.
The adder barely misses you.
You barely miss the adder. The adder bites you but does no damage.
You miss the adder. Your bite misses the adder. The adder misses you.
The adder bites you. 😕 HP[-1]
You take 1 damage, and now have 31/32 hp.
You closely miss the adder. Your bite misses the adder.
The adder bites you but does no damage. 😎 HP[+1]
Your hp is fully restored (32).
You hit the adder. Your bite misses the adder.
The adder bites you but does no damage.
You hit the adder. You bite the adder.
You kill the adder!
You open the door.
There is an open door here.
You now have 21 gold pieces (gained 7).
There is an open door here.
There is an open door here.
There is an open door here.
Key pressed, stopping explore.
An orc comes into view. It is wielding a +0 club.
An orc and a giant cockroach come into view.
An orc comes into view.
It is wielding a +2 flail of protection.
The orc shouts!
A goblin comes into view.
It is wielding a +0 falchion and quivering poisoned darts.
An orc priest comes into view. It is wielding a +0 club.
An orc priest comes into view. It is wielding a +0 short sword.
The orc barely misses you.
The orc priest shouts! x2
You puncture the orc!
You kill the orc!
The goblin throws a poisoned dart.
The poisoned dart barely misses you.
The orc hits you with a +0 club. 😕 HP[-3]
You take 3 damage, and now have 29/32 hp.
The orc misses you.
The orc priest mumbles some strange prayers to Beogh against you.
Beogh smites you!
Things that are here:
a +0 dagger {short}; an orc corpse; 😮 HP[-11] MP[-2]
You take 11 damage, and now have 18/32 hp.
MASSIVE DAMAGE!! (PAUSE)
You lost 2 mp, and now have 5/7 mp.
The orc hits you with a +0 club. 😮 HP[-1]
You take 1 damage, and now have 17/32 hp.
The orc attacks as you move away!
The orc hits you with a +2 flail of protection!
* * * LOW HITPOINT WARNING * * *
The orc attacks as you move away! The orc barely misses you.
The giant cockroach attacks as you move away!
The giant cockroach bites you but does no damage.
The giant cockroach attacks as you move away!
The giant cockroach bites you but does no damage. x2 😨 HP[-3] MP[-2]
You take 3 damage, and now have 14/32 hp.
You lost 2 mp, and now have 3/7 mp.
Unknown command.
The giant cockroach attacks as you move away!
The giant cockroach closely misses you. 😨 HP[+1]
The orc priest looks satisfied for a moment. 😨 HP[+1]
The orc priest invokes the aid of Beogh against you.
Beogh smites you!
* * * LOW HITPOINT WARNING * * *
😨 HP[-6] MP[-2]
You take 6 damage, and now have 10/32 hp.
You lost 2 mp, and now have 1/7 mp.
The giant cockroach attacks as you move away!
The giant cockroach bites you but does no damage.
The giant cockroach bites you.
* * * LOW HITPOINT WARNING * * *
The orc priest mumbles some strange prayers to Beogh against you.
Beogh smites you!
You die...

Skill      XL: |  1  2  3  4  5  6 |
---------------+-------------------+-----
Stealth        | 7 9 10 | 10.5
Fighting       | |  2.6
Short Blades   | |  1.7
Dodging        | |  1.5

Action                   |  1- 3 |  4- 6 || total
-------------------------+-------+-------++-------
Melee: Short sword       |    17 |    63 ||    80
       Bite              |     6 |    14 ||    20
       Punch             |     1 |     2 ||     3
  Use: Scroll            |     1 |       ||     1
       Potion            |     1 |     1 ||     2
 Stab: Sleeping          |     3 |     3 ||     6
Armor: Leather armour    |     1 |    31 ||    32
Dodge: Dodged            |    11 |    57 ||    68

Levels and vault maps discovered:
D:4:      layout_gridville, tso_oasis_becter,
          nicolae_wu_jian_immortal_techniques,
          nicolae_gozag_cash_rules_everything_around_me, gammafunk_ghost_split
D:5:      layout_cave_pools, general_overflow_altar,
          nzn_overflow_gifts_of_might_and_magic,
          minmay_temple_entry_purple_smoke
D:6:      layout_basic, evilmike_ruin_ashenzari,
          mainiacjoe_overflow_tiny_flanked, lightli_ossuary_entry_decrepit_ruins
D:7:      minmay_the_grid_triangle_9x9_rhombus_thin
          [minmay_the_grid_triangle_9x9_descending_squares,
          minmay_the_grid_triangle_9x9_prize_center,
          minmay_the_grid_triangle_9x9_limited_checkers,
          minmay_the_grid_triangle_9x9_thin_v], layout_loops_cross,
          enter_bailey_2

Notes
Turn   | Place    | Note
-------+----------+-------------------------------------------
     0 | D:5      | spaghetti the Vine Stalker Delver began the quest for the
                  | Orb.
     0 | D:5      | Reached XP level 1. HP: 11/11 MP: 2/2
     0 | D:5      | magus.rc [v1.9.6]
   179 | D:5      | Found a shimmering blue altar of Sif Muna.
   179 | D:5      | Noticed an orc wizard
   186 | D:5      | Killed an orc wizard
   187 | D:5      | Reached skill level 7 in Stealth
   187 | D:5      | Reached XP level 2. HP: 16/16 MP: 3/3
   187 | D:5      | Reached XP level 3. HP: 19/19 MP: 4/4
   190 | D:5      | You add the spells Magic Dart and Shock to your library.
   190 | D:5      | Got Sif Muna's Papyrus of Attacks
   195 | D:5      | Found a bloodstained altar of Trog.
   195 | D:5      | Noticed an orc warrior
   206 | D:5      | HP: 3/19 [orc warrior/+0 dire flail (7)]
   608 | D:6      | Gained mutation: Your natural rate of healing is unusually
                  | fast. [Vine Stalker growth]
   608 | D:6      | Reached XP level 4. HP: 23/23 MP: 5/5
   617 | D:6      | You pick up a book of Sloth and begin reading...
   617 | D:6      | You add the spells Petrify, Metabolic Englaciation and
                  | Statue Form to your library.
   641 | D:6      | Reached skill level 8 in Stealth
   645 | D:6      | Found a broken altar of Ashenzari.
   646 | D:6      | Noticed a phantom
   661 | D:6      | Found a sparkling altar of Nemelex Xobeh.
   730 | D:5      | You pick up a book of Lightning and begin reading...
   730 | D:5      | You add the spells Static Discharge, Lightning Bolt and
                  | Maxwell's Capacitive Coupling to your library.
   809 | D:6      | Killed a phantom
   810 | D:6      | Reached skill level 9 in Stealth
   810 | D:6      | Reached XP level 5. HP: 18/27 MP: 2/6
   950 | D:6      | Noticed an ogre
  1035 | D:7      | Noticed a sky beast
  1037 | D:7      | Killed a sky beast
  1038 | D:7      | Reached XP level 6. HP: 32/32 MP: 7/7
  1054 | D:7      | Found a flagged portal.
  1107 | D:6      | Noticed a sky beast
  1121 | D:6      | Killed a sky beast
  1122 | D:6      | Reached skill level 10 in Stealth
  1297 | D:4      | Found an ornate altar of the Wu Jian Council.
  1448 | D:4      | Killed from afar by an orc priest

Vanquished Creatures
  2 sky beasts
  A phantom (D:6)
  A hound (D:6)
  An iguana (D:6)
  An orc wizard (D:5)
  2 adders
  3 orcs
  A kobold (D:4)
12 creatures vanquished.

Table legend:
 A = Non-vault XP
 B = Vault XP
 C = Vault XP percentage of total XP
 D = Non-vault monster count
 E = Vault monster count
 F = Vault count percentage of total count
                 A         B        C        D         E       F
            +---------+---------+-------+---------+---------+-------
      Total |     487 |      35 |   6.7 |      11 |       1 |   8.3
            +---------+---------+-------+---------+---------+-------
        D:4 |      20 |       0 |   0.0 |       4 |       0 |   0.0
        D:5 |       0 |      35 | 100.0 |       0 |       1 | 100.0
        D:6 |     335 |       0 |   0.0 |       6 |       0 |   0.0
        D:7 |     132 |       0 |   0.0 |       1 |       0 |   0.0
            +---------+---------+-------+---------+---------+-------

Illustrated notes

Table legend:
 A = Kills in this place as a percentage of kills in entire the game.
 B = Kills by you in this place as a percentage of kills by you in the entire game.
 C = Kills by friends in this place as a percentage of kills by friends in the entire game.
 D = Other kills in this place as a percentage of other kills in the entire game.
 E = Experience gained in this place as a percentage of experience gained in the entire game.
 F = Experience gained in this place divided by the number of levels of this place that you have seen.
                   A       B       C       D       E      F
               +-------+-------+-------+-------+-------+----------------------
         Total | 100.0 | 100.0 |   N/A |   N/A | 100.0 | 130.5
       Dungeon | 100.0 | 100.0 |   N/A |   N/A | 100.0 | 130.5
               +-------+-------+-------+-------+-------+----------------------

Table legend: (Time is in decaauts)
 A = Elapsed time spent in this place.
 B = Non-inter-level travel time spent in this place.
 C = Inter-level travel time spent in this place.
 D = Time resting spent in this place.
 E = Time spent auto-exploring this place.
 F = Levels seen in this place.
 G = Mean time per level.
                   A        B        C        D        E       F      G
               +--------+--------+--------+--------+--------+-----+--------+
         Total |   1431 |   1431 |      0 |    364 |    665 |   4 |  357.8 |
       Dungeon |   1431 |   1431 |      0 |    364 |    665 |   4 |  357.8 |
               +--------+--------+--------+--------+--------+-----+--------+

Top non-repeatable levels by time:
     D:6: 979 daAuts
     D:4: 214 daAuts
     D:7: 120 daAuts
     D:5: 116 daAuts
